 Dungeon Crawl Stone Soup version 0.30.0-10-gfe55d96785 (webtiles) character file.

Game seed: 5395013727470459802

347 Gabide the Magician (level 6, 0/48 HPs)
             Began as a Djinni Conjurer on May 14, 2023.
             Slain by a yak (14 damage)
             ... on level 3 of the Dungeon.
             The game lasted 00:07:24 (2876 turns).

Gabide the Magician (Djinni Conjurer)               Turns: 2876, Time: 00:07:24

Health: 0/48       AC:  8    Str:  6    XL:     6   Next: 90%
Gold:   163        EV: 11    Int: 22    God:
                   SH:  0    Dex: 11

rFire   + + .        m - +0 dagger
rCold   x . .        (no shield)
rNeg    . . .        l - +0 leather armour
rPois   ∞            n - +2 hat
rElec   .            (no cloak)
rCorr   .            g - +2 pair of gloves
SInv    .            (boots unavailable)
Will    .....        (no amulet)
Stlth   +            (no ring)
HPRegen 0.28/turn    (no ring)
MPRegen 0.00/turn

%: infuse magic (-1 HP)
@: flying
A: sickness immunity, fire resistance 2, cold vulnerability 1, float, innate
caster, HP casting, extra vitality 1
a: no special abilities


You were on level 3 of the Dungeon.
You visited 1 branch of the dungeon, and saw 4 of its levels.

You collected 163 gold pieces.

Inventory:

Hand Weapons
 m - a +0 dagger (weapon)
Armour
 g - a +2 pair of gloves (worn)
 l - a +0 leather armour (worn)
 n - a +2 hat (worn)
Jewellery
 f - a ring of fire
Wands
 k - a wand of flame (14)
Scrolls
 a - a scroll of immolation
 c - a scroll of identify
 h - a scroll of poison
Potions
 b - 2 potions of curing
 d - a potion of cancellation
 e - 2 potions of heal wounds
 i - a potion of ambrosia
 j - a potion of might


   Skills:
 * Level 4.4 Fighting
 - Level 2.1 Dodging
 - Level 1.5 Stealth
 * Level 4.8 Spellcasting


You knew the following spells:

 Your Spells              Type           Power      Damage    Failure   Level
a - Magic Dart            Conj           100%       1d8       2%          1
b - Searing Ray           Conj           52%        2d6       3%          2
c - Dazzling Flash        Conj/Hex       52%        N/A       7%          3
d - Fulminant Prism       Conj/Hex       13%        3d9       22%         4
e - Iskenderun's Mystic   Conj/Tloc      26%        2d7       22%         4
f - Slow                  Hex            100%       N/A       2%          1
g - Static Discharge      Conj/Air       52%        2-5/arc   3%          2
Your spell library was empty.

Dungeon Overview and Level Annotations

Branches:
Dungeon (4/15)
 Temple: D:4-7

Altars:
Hepliaklqana
Okawaru
Trog
Uskayaw


Innate Abilities, Weirdness & Mutations

You are immune to sickness and miasma.
You are immune to poison.
Your flesh is very heat resistant. (rF++)
You are vulnerable to cold. (rC-)
You float through the air rather than walking.
You learn spells naturally, not from books.
Your magical power is your life essence.
You have superior vitality. (+4 MHP)


Message History

The yak seems to slow down.
Casting: Slow (safe; 2% risk of failure)
Confirm with . or Enter, or press ? or * to list all spells.
Okay, then.
Unknown command.
Casting: Slow (safe; 2% risk of failure)
Confirm with . or Enter, or press ? or * to list all spells.
The yak is struck by an arc of lightning.
The yak is lightly wounded.
You are struck by an arc of lightning.
The lightning grounds out.
The yak gores you but does no damage.
Casting: Static Discharge (safe; 3% risk of failure)
Confirm with . or Enter, or press ? or * to list all spells.
The yak is struck by an arc of lightning.
The yak is lightly wounded.
You are struck by an arc of lightning.
The yak is struck by an arc of lightning.
The yak is moderately wounded.
You are struck by an arc of lightning.
The lightning grounds out.
The yak gores you!
Casting: Static Discharge (safe; 3% risk of failure)
Confirm with . or Enter, or press ? or * to list all spells.
The yak is struck by an arc of lightning.
The yak is heavily wounded.
You are struck by an arc of lightning.
The yak is struck by an arc of lightning.
The yak is heavily wounded.
The lightning grounds out.
Casting: Static Discharge (safe; 3% risk of failure)
Confirm with . or Enter, or press ? or * to list all spells.
The yak is struck by an arc of lightning.
The yak is severely wounded.
You are struck by an arc of lightning.
* * * LOW HITPOINT WARNING * * *
The yak is struck by an arc of lightning.
The yak is almost dead.
The lightning grounds out.
* * * LOW HITPOINT WARNING * * *
The yak gores you!
You die...

#.#.######...)..........).....#
#.#.##.....#...........(.......
###.#....######.............##...
.#........# ###...........#....
.>.#.####.## ##.#............#.
...........# #....##.....#####.
...........# ###...###..#..# ##.
...........###...Y## #..#..# ##(.
................@.# #.....###...
.............#.#### ##Y.####....
..###.#.##..#..# ##..# #..... ###
#....#....## #...###..... #
##.....##.## #.....#.....
##........# #..##.Y.....
####..##...## ####.###.....>.
#####......^....###..............
.......###.#.....##.......#......


You could see a yak (slow).

Vanquished Creatures
  Sigmund (D:3)
  The ghost of P0WERM0DE the Digger, an amateur MeEE of Sif Muna (D:3)
  4 gnolls
  An adder (D:2)
  A worm (D:2)
  8 orcs (D:3)
  3 ball pythons
  3 endoplasms
  5 giant cockroaches
  4 goblins
  5 hobgoblins
  2 jackals (D:3)
  4 quokkas
  3 bats (D:1)
  3 frilled lizards
  10 kobolds
  6 rats
64 creatures vanquished.

Notes
Turn   | Place    | Note
-------+----------+-------------------------------------------
     0 | D:1      | Gabide the Djinni Conjurer began the quest for the Orb.
     0 | D:1      | Gabide set off with the following spells memorised: Magic
                  | Dart, Searing Ray, Dazzling Flash, Fulminant Prism,
                  | Iskenderun's Mystic Blast.
     0 | D:1      | Reached XP level 1. HP: 15/15 MP: 0/0
   224 | D:1      | Reached XP level 2. HP: 19/22 MP: 0/0
   314 | D:1      | Reached skill level 1 in Fighting
   435 | D:1      | Found a faded altar of an unknown god.
   885 | D:1      | Reached XP level 3. HP: 16/27 MP: 0/0
   885 | D:1      | Learned a level 1 spell: Slow
  1049 | D:1      | Reached XP level 4. HP: 21/33 MP: 0/0
  2042 | D:3      | Found a hide-covered altar of Uskayaw.
  2043 | D:3      | Found a bloodstained altar of Trog.
  2043 | D:3      | Found a hazy altar of Hepliaklqana.
  2045 | D:3      | Reached XP level 5. HP: 36/40 MP: 0/0
  2045 | D:3      | Learned a level 2 spell: Static Discharge
  2045 | D:3      | Found an iron altar of Okawaru.
  2229 | D:3      | Found a runed translucent door.
  2229 | D:3      | Noticed P0WERM0DE's ghost (amateur MeEE)
  2530 | D:3      | Noticed Sigmund
  2542 | D:3      | Killed Sigmund
  2543 | D:3      | Reached XP level 6. HP: 40/47 MP: 0/0
  2689 | D:3      | Killed P0WERM0DE's ghost
  2731 | D:4      | Noticed a yak
  2731 | D:4      | Noticed a yak
  2731 | D:4      | Noticed a yak
  2731 | D:4      | Noticed a yak
  2876 | D:3      | Slain by a yak

Illustrated notes

Levels and vault maps discovered:
D:1:      ldierk_walled_garden_2, layout_loops_ring,
          hellmonk_ecumenical_altar_arch_garden, st_stairs_7
D:2:      layout_rooms, grunt_decor_clamped, roderic_lattice_a, minmay_puff
D:3:      layout_rooms, chequers_temple_overflow_statue_of_worship,
          gammafunk_ghost_grave, uniq_sigmund
D:4:      layout_cave_pods, serial_shops, kennysheep_little_box,
          nicolae_shop_hallway_plus, minmay_divided_ellipse, uniq_edmund

Skill      XL: |  1  2  3  4  5 |
---------------+----------------+-----
Fighting       | 1 2 4 |  4.4
Spellcasting   | 4 |  4.8
Dodging        | |  2.1
Stealth        | |  1.5

Action                     |  1- 3 |  4- 6 || total
---------------------------+-------+-------++-------
   Cast: Magic Dart        |    29 |     5 ||    34
         Searing Ray       |    14 |    35 ||    49
         Slow              |     4 |    10 ||    14
         Static Discharge  |       |     4 ||     4
    Use: Scroll            |     3 |    11 ||    14
 Armour: Robe              |     4 |     1 ||     5
         Leather armour    |       |     3 ||     3
  Dodge: Dodged            |     5 |     3 ||     8
